 Dungeon Crawl Stone Soup version 0.31-a0-963-ga325b2283a (webtiles) character file.

Game seed: 17316857441021800109

7505 IndexError the Destroyer (level 10, -1/73 HPs)
             Began as a Demonspawn Conjurer on Oct 24, 2023.
             Was a Believer of Vehumet.
             Slain by an elephant (2 damage)
             ... while petrified by a basilisk
             ... on level 10 of the Dungeon.
             The game lasted 00:23:38 (14332 turns).

IndexError the Destroyer (Demonspawn Conjurer)     Turns: 14332, Time: 00:23:38

Health: -1/73      AC: 12    Str: 12    XL:     10   Next: 95%
Magic:  0/24       EV:  2    Int: 26    God:    Vehumet [**....]
Gold:   525        SH:  0    Dex: 12    Spells: 17/29 levels left

rFire   . . .        J - +9 dagger "Fuulod" {flame, Str+5}
rCold   . . .        L - orb {light}
rNeg    + + +        a - +0 robe
rPois   ∞            t - +2 helmet
rElec   .            s - +2 cloak
rCorr   .            (gloves unavailable)
SInv    .            (no boots)
Will    .....        i - amulet of guardian spirit {Spirit}
Stlth   +            f - +4 ring of protection
HPRegen 0.32/turn    p - ring of wizardry {Wiz+, !d}
MPRegen 0.19/turn

%: guardian spirit, wizardry (x1)
@: petrified, glowing
A: powered by pain 2, big brain 1, demonic magic 2, demonic touch 3
a: Renounce Religion


You were on level 10 of the Dungeon.
You worshipped Vehumet.
Vehumet was pleased with you.
You visited 2 branches of the dungeon, and saw 12 of its levels.
You also visited: Sewer.

You collected 525 gold pieces.

Inventory:

Hand Weapons
 z - the +4 dagger of Disharmony {pain, Will+ Int+2}
   (You found it on level 4 of the Dungeon)

   Int+2:     It affects your intelligence (+2).
   Will+:     It increases your willpower.
 J - the +9 dagger "Fuulod" (weapon) {flame, Str+5}
   (You found it on level 8 of the Dungeon)

   Str+5:     It affects your strength (+5).
Missiles
 k - 14 poisoned darts
 F - 6 javelins
 P - 4 atropa-tipped darts
Armour
 a - a +0 robe (worn)
 e - the +1 robe "Forget-Me-Not" {Harm rC+ Dex-2 Archmagi}
   (You found it on level 10 of the Dungeon)

   Dex-2:     It affects your dexterity (-2).
   rC+:       It protects you from cold.
   Harm:      It increases damage dealt and taken.
   Archmagi:  It increases the power of your magical spells.
 s - a +2 cloak (worn)
   (You took it off Crazy Yiuf on level 2 of the Dungeon)
 t - a +2 helmet (worn)
   (You found it on level 3 of the Dungeon)
 K - a +0 pair of gloves
   (You found it on level 6 of the Dungeon)
 L - an orb of light (worn)
   (You found it on level 6 of the Dungeon)
Jewellery
 f - a +4 ring of protection (left hand)
   (You found it on level 1 of the Dungeon)
 h - a +6 ring of intelligence
   (You found it on level 1 of the Dungeon)
 i - an amulet of guardian spirit (around neck) {Spirit}
   (You found it on level 4 of the Dungeon)
 p - a ring of wizardry (right hand) {Wiz+, !d}
   (You found it on level 2 of the Dungeon)
 C - a ring of poison resistance {rPois, !d}
   (You found it on level 5 of the Dungeon)
 O - a ring of resist corrosion
   (You found it on level 8 of the Dungeon)
Talismans
 I - the serpent talisman of Ru's Regard {Str+2 Dex+5}
   (You found it on level 6 of the Dungeon)

   [serpent talisman]

   Str+2:     It affects your strength (+2).
   Dex+5:     It affects your dexterity (+5).
Wands
 w - a wand of roots (11)
   (You found it on level 3 of the Dungeon)
Scrolls
 d - 2 scrolls of amnesia
 j - 12 scrolls of teleportation
 l - 2 scrolls of blinking {!r}
 o - 3 scrolls of enchant weapon
 x - 2 scrolls of poison {!r}
 y - a scroll of silence
 A - 2 scrolls of fog
 H - a scroll of immolation {!r}
 M - a scroll of vulnerability {!r!r}
 N - a scroll of fear
 Q - a scroll of torment {unknown}
Potions
 b - 5 potions of magic
 c - a potion of cancellation {unknown}
 g - 2 potions of resistance {unknown}
 m - 2 potions of haste {unknown}
 n - 2 potions of curing {unknown}
 q - 2 potions of enlightenment {unknown}
 r - 3 potions of degeneration {unknown}
 u - a potion of berserk rage {unknown}
 v - a potion of mutation {unknown}
 B - 4 potions of heal wounds {unknown}
 D - a potion of lignification {unknown}
 E - a potion of invisibility {unknown}
 G - 2 potions of brilliance {unknown}
Miscellaneous
 R - a lightning rod (4/4)
   (You found it on level 11 of the Dungeon)


   Skills:
 + Level 4.6 Fighting
 - Level 1.7 Dodging
 - Level 1.7 Stealth
 - Level 10.0 Spellcasting
 - Level 10.0 Conjurations
 + Level 4.6 Hexes
 + Level 4.1 Translocations
 + Level 4.2 Fire Magic


You had 17 spell levels left.
You knew the following spells:

 Your Spells              Type           Power      Damage    Failure   Level
a - Magic Dart            Conj           100%       1d8       1%          1
b - Searing Ray           Conj           100%       2d8       1%          2
c - Fulminant Prism       Conj/Hex       25%        3d14      1%          4
d - Foxfire               Conj/Fire      100%       2x1d9     1%          1
x - Iskenderun's Mystic   Conj/Tloc      49%        2d11      1%          4

Your spell library contained the following spells:

 Spells                   Type           Power      Damage    Failure   Level
 Static Discharge         Conj/Air       78%        3-7/arc   1%          2
 Kiss of Death            Conj/Necr      100%       2d13      1%          1
 Shock                    Conj/Air       100%       1d9       1%          1
 Confusing Touch          Hex            37%        N/A       1%          3
 Dazzling Flash           Conj/Hex       100%       N/A       1%          3
 Gell's Gravitas          Tloc           34%        N/A       1%          3
 Teleport Other           Tloc           34%        N/A       1%          3
 Volatile Blastmotes      Fire/Tloc      68%        2d15      1%          3
 Cigotuvi's Dreadful Rot  Necr/Pois/Air  26%        N/A       2%          2
 Frozen Ramparts          Ice            26%        1d4       6%          3
 Swiftness                Air            13%        N/A       6%          3
 Starburst                Conj/Fire      24%        6d8       16%         6
 Airstrike                Air            6%         2d(1-17)  17%         4
 Dispel Undead            Necr           13%        3d9       17%         4
 Petrify                  Tmut/Erth      13%        N/A       17%         4
 Metabolic Englaciation   Hex/Ice        12%        N/A       21%         5
 Dispersal                Tloc           17%        N/A       45%         6
 Plasma Beam              Fire/Air       11%        2x1d22    71%         6
 Death Channel            Necr           6%         N/A       93%         6


Dungeon Overview and Level Annotations

Branches:
Dungeon (11/15)            Temple (1/1) D:7            Lair (0/5) D:11
    Orc (0/2) D:9           Sewer (visited)

Altars:
Ashenzari
Cheibriados
Dithmenos
Fedhas
Gozag
Hepliaklqana
Kikubaaqudgha
Makhleb
Nemelex Xobeh
Okawaru
Qazlal
Ru
Sif Muna
Trog
Uskayaw
Vehumet
Wu Jian
Xom
Yredelemnul

Shops:
D:6 *   D:11 =

Annotations:
D:7 2 transporters


Innate Abilities, Weirdness & Mutations

You sometimes gain power by taking damage.
You have an unusually large brain. (Int +2)
Spells you cast may paralyse nearby enemies.
Your touch may irresistibly damage your foes and sap their willpower.


Message History

The basilisk gazes at you.
You are slowing down.
Your limbs are stiffening.
You have turned to stone.
The yak gores you but does no damage. The yak gores you!
The basilisk bites you! The yak gores you!
The basilisk bites you but does no damage.
The elephant tramples you!
You are shoved backwards!
The elephant tramples you.
You are shoved backwards!
You turn to flesh and can move again.
You take 18 damage, and have 55/73 hp.
MASSIVE DAMAGE!!
You now have 19/24 mp.
The basilisk gazes at you.
You are slowing down.
The basilisk gazes at you.
Your limbs have turned to stone.
The elephant attacks as it pursues you! The elephant tramples you.
You stumble backwards!
You have turned to stone.
The basilisk gazes at you.
The elephant tramples you but does no damage.
The elephant trunk-slaps you but does no damage.
The elephant tramples you.
You hold your ground!
The elephant trunk-slaps you but does no damage.
The yak gores you.
The elephant tramples you but does no damage.
The elephant trunk-slaps you but does no damage.
The yak gores you! The basilisk gazes at you. You resist with some effort.
The elephant tramples you!
You hold your ground!
The elephant trunk-slaps you but does no damage.
The yak barely misses you. The basilisk gazes at you.
The elephant tramples you but does no damage.
The elephant trunk-slaps you but does no damage.
The yak gores you but does no damage. The basilisk gazes at you.
You resist with some effort. The elephant tramples you.
You hold your ground!
The elephant trunk-slaps you but does no damage.
The yak gores you. The elephant tramples you!
You hold your ground!
The elephant trunk-slaps you. The yak gores you but does no damage.
The basilisk gazes at you. You resist with some effort.
The elephant completely misses you. The elephant barely misses you.
The yak gores you but does no damage.
The basilisk bites you. x2; The elephant tramples you!
You hold your ground!
The elephant trunk-slaps you but does no damage.
The yak gores you. The basilisk completely misses you.
The basilisk gazes at you. The elephant tramples you.
You hold your ground!
The elephant trunk-slaps you but does no damage.
The yak gores you but does no damage.
You turn to flesh and can move again.
There is a stone staircase leading up here.
You take 16 damage, and have 39/73 hp.
MASSIVE DAMAGE!!
You now have 16/24 mp.
The basilisk misses you. The basilisk gazes at you.
You are slowing down.
The elephant tramples you but does no damage.
The elephant trunk-slaps you but does no damage.
The yak gores you but does no damage.
You climb upwards.
You have turned to stone.
The basilisk hisses menacingly.
The basilisk bites you! x2; The yak gores you.
The elephant tramples you!
You are shoved backwards!
The basilisk bites you!
The basilisk bites you but does no damage.
The elephant tramples you!
* * * LOW HITPOINT WARNING * * *
You are shoved backwards!
The elephant completely misses you.
The elephant trunk-slaps you but does no damage.
The basilisk bites you.
* * * LOW HITPOINT WARNING * * *
The elephant tramples you!
* * * LOW HITPOINT WARNING * * *
You are shoved backwards!
The elephant tramples you.
* * * LOW HITPOINT WARNING * * *
You are shoved backwards!
The basilisk bites you but does no damage.
The elephant tramples you!
* * * LOW HITPOINT WARNING * * *
You hold your ground!
The elephant completely misses you. The basilisk bites you!
* * * LOW HITPOINT WARNING * * *
The elephant tramples you!
* * * LOW HITPOINT WARNING * * *
You hold your ground!
The elephant trunk-slaps you but does no damage.
The basilisk gazes at you. x2
You resist with some effort.
The elephant tramples you but does no damage.
The elephant trunk-slaps you.
* * * LOW HITPOINT WARNING * * *
The basilisk bites you!
* * * LOW HITPOINT WARNING * * *
The basilisk bites you.
* * * LOW HITPOINT WARNING * * *
The elephant tramples you.
You die...

##.#...#.##.[.##.###.#
###..#........#<[)[..#.#
....##.......#####(#...#
.#####....##...........#
.#####....####.###.....#
....##....## #.........#
##.........# ##........###
##.###.###.# #..l..##...##
.#.# #.# #.# ##@YY.>.....##
.).###'###.#####.l.........#
#....+_###.................#
...###'###..####...#.......#
#..# #.# #....##...##.....##
#..###.###..#.##...#.......#
##.........##....###.......#
########..................#
#############.....##


You could see an elephant, a yak and 2 basilisks.

Vanquished Creatures
  A two-headed ogre (D:9)
  A kobold demonologist (D:8)
  A troll (D:9)
  A hornet (D:8)
  A shadow (D:9)
  Sigmund (D:2)
  Grum (D:10)
  A steam dragon (D:7)
  Pargi (Sewer)
  An ice beast (D:8)
  2 sky beasts
  A black bear (D:5)
  8 orc warriors
  4 ogres
  4 wolves (D:10)
  3 centaurs
  A phantom (D:6)
  A kobold brigand (D:8)
  A bullfrog (D:9)
  A gnoll sergeant (D:7)
  6 scorpions
  15 wights
  14 killer bees
  7 howler monkeys
  A centaur zombie (D:4)
  2 jellies
  A gnoll bouda (D:5)
  10 orc priests
  Crazy Yiuf (D:2)
  2 hounds
  A sleepcap (D:6)
  10 orc wizards
  4 iguanas (D:5)
  A scorpion zombie (D:4)
  2 hound zombies (D:4)
  Robin (D:3)
  5 adders
  11 gnolls
  A shadow imp (D:7)
  2 ufetubi (D:5)
  4 worms
  4 dart slugs
  44 orcs
  8 ball pythons
  3 bats
  8 endoplasms
  5 giant cockroaches
  14 goblins
  12 hobgoblins
  7 jackals
  5 quokkas
  10 frilled lizards
  16 kobolds
  3 rats (D:1)
276 creatures vanquished.

Vanquished Creatures (others)
  666 foxfires
  13 fulminant prisms
679 creatures vanquished.

Grand Total: 955 creatures vanquished

Notes
Turn   | Place    | Note
-------+----------+-------------------------------------------
     0 | D:1      | IndexError the Demonspawn Conjurer began the quest for the
                  | Orb.
     0 | D:1      | Reached XP level 1. HP: 13/13 MP: 3/3
   255 | D:1      | Gained mutation: Spells you cast may paralyse adjacent
                  | enemies. [demonic ancestry]
   255 | D:1      | Reached XP level 2. HP: 19/19 MP: 0/5
   947 | D:1      | Gained mutation: You sometimes gain a little power by
                  | taking damage. [demonic ancestry]
   947 | D:1      | Reached XP level 3. HP: 24/24 MP: 4/7
  1242 | D:2      | Noticed Sigmund
  1338 | D:2      | Learned a level 2 spell: Searing Ray
  1489 | D:2      | Killed Sigmund
  1490 | D:2      | Reached skill level 4 in Spellcasting
  1490 | D:2      | Reached skill level 5 in Conjurations
  1490 | D:2      | Gained mutation: Spells you cast may paralyse nearby
                  | enemies. [demonic ancestry]
  1490 | D:2      | Reached XP level 4. HP: 29/30 MP: 1/10
  1490 | D:2      | Reached XP level 5. HP: 34/35 MP: 1/11
  2108 | D:2      | Learned a level 4 spell: Fulminant Prism
  2113 | D:2      | Learned a level 4 spell: Iskenderun's Mystic Blast
  2241 | D:2      | Found a runed translucent door.
  2242 | D:2      | Noticed Crazy Yiuf
  2368 | D:2      | Killed Crazy Yiuf
  2369 | D:2      | Gained mutation: Your touch may inflict minor irresistible
                  | damage on your foes. [demonic ancestry]
  2369 | D:2      | Reached XP level 6. HP: 18/41 MP: 9/12
  2600 | D:3      | Reached skill level 6 in Conjurations
  2755 | D:3      | Learned a level 1 spell: Foxfire
  3359 | D:3      | Found a faded altar of an unknown god.
  3544 | D:3      | Noticed Robin
  3555 | D:3      | Killed Robin
  4096 | D:4      | Reached skill level 5 in Spellcasting
  4239 | D:4      | Found a basalt altar of Yredelemnul.
  4249 | D:4      | Gained mutation: Your touch may inflict irresistible damage
                  | on your foes. [demonic ancestry]
  4249 | D:4      | Reached XP level 7. HP: 46/46 MP: 8/14
  4593 | D:4      | Identified the +4 dagger of Disharmony {pain, Will+ Int+2}
  4804 | D:4      | Reached skill level 7 in Conjurations
  5422 | D:4      | Reached skill level 6 in Spellcasting
  5571 | D:5      | Entered Level 5 of the Dungeon
  5616 | D:5      | Gained mutation: You sometimes gain power by taking damage.
                  | [demonic ancestry]
  5616 | D:5      | Reached XP level 8. HP: 50/52 MP: 1/17
  5728 | D:5      | Found a glowing drain.
  5745 | Sewer    | Entered a sewer
  5908 | Sewer    | Noticed Pargi
  5913 | Sewer    | Killed Pargi
  5914 | Sewer    | Reached skill level 8 in Conjurations
  6316 | D:5      | Reached skill level 7 in Spellcasting
  6442 | D:5      | Found an opulent altar of Gozag.
  6856 | D:5      | Reached skill level 9 in Conjurations
  7403 | D:6      | Gained mutation: You have an unusually large brain. (Int
                  | +2) [demonic ancestry]
  7403 | D:6      | Reached XP level 9. HP: 56/57 MP: 10/20
  7690 | D:6      | Reached skill level 8 in Spellcasting
  7863 | D:6      | Found a snail-covered altar of Cheibriados.
  7960 | D:6      | Found Vitoz's General Store.
  7964 | D:6      | Identified the serpent talisman of Ru's Regard {Str+2
                  | Dex+5}
  7978 | D:6      | Found a stormy altar of Qazlal.
  7980 | D:6      | Found a sacrificial altar of Ru.
  8373 | D:7      | Identified the "Woxziuj"
  8693 | D:7      | Reached skill level 10 in Conjurations
  8962 | D:7      | Reached skill level 9 in Spellcasting
  9117 | D:7      | Found a transporter.
  9120 | D:7      | Noticed a skeletal warrior
  9120 | D:7      | Noticed a two-headed ogre
  9300 | D:7      | Found a staircase to the Ecumenical Temple.
  9341 | Temple   | Entered the Ecumenical Temple
  9407 | Temple   | Became a worshipper of Vehumet
  9753 | D:7      | Found a transporter.
 10092 | D:8      | Reached skill level 10 in Spellcasting
 10269 | D:8      | Reached skill level 1 in Fighting
 10269 | D:8      | Reached skill level 1 in Hexes
 10269 | D:8      | Reached skill level 1 in Translocations
 10269 | D:8      | Reached skill level 1 in Fire Magic
 10349 | D:8      | Noticed a kobold demonologist
 10350 | D:8      | Noticed a rust devil
 10358 | D:8      | Killed a kobold demonologist
 10359 | D:8      | Gained mutation: Your touch may irresistibly damage your
                  | foes and sap their willpower. [demonic ancestry]
 10359 | D:8      | Reached XP level 10. HP: 60/66 MP: 12/24
 10428 | D:8      | Identified the +9 dagger "Fuulod" {flame, Str+5}
 10990 | D:8      | Reached skill level 2 in Fighting
 11014 | D:8      | HP: 12/64 [wight/+1 spear (8)]
 11192 | D:8      | Reached skill level 2 in Hexes
 11440 | D:8      | Reached skill level 2 in Translocations
 11440 | D:8      | Reached skill level 2 in Fire Magic
 11630 | D:9      | Noticed a two-headed ogre
 11638 | D:9      | Killed a two-headed ogre
 11639 | D:9      | Reached skill level 3 in Fighting
 11639 | D:9      | Reached skill level 3 in Hexes
 11710 | D:9      | Reached * piety under Vehumet
 11710 | D:9      | Offered knowledge of Freeze by Vehumet.
 11805 | D:9      | Found a staircase to the Orcish Mines.
 11860 | D:9      | Reached skill level 3 in Translocations
 11860 | D:9      | Reached skill level 3 in Fire Magic
 12662 | D:10     | Entered Level 10 of the Dungeon
 13009 | D:9      | Reached skill level 4 in Fighting
 13047 | D:10     | Reached skill level 4 in Hexes
 13395 | D:10     | Identified the +1 robe "Forget-Me-Not" {Harm rC+ Dex-2
                  | Archmagi}
 13416 | D:10     | Found a hazy altar of Hepliaklqana.
 13552 | D:10     | Offered knowledge of Static Discharge by Vehumet.
 13554 | D:10     | Reached ** piety under Vehumet
 13662 | D:10     | Noticed Grum
 13667 | D:10     | Reached skill level 4 in Fire Magic
 13673 | D:10     | Reached skill level 4 in Translocations
 13678 | D:10     | Killed Grum
 14249 | D:11     | Found Tilotoan's Jewellery Shoppe.
 14300 | D:11     | Found a staircase to the Lair.
 14300 | D:11     | Noticed an elephant
 14327 | D:10     | HP: 18/73 [basilisk (3)]
 14330 | D:10     | HP: 6/73 [elephant (3)]
 14332 | D:10     | HP: 2/73 [basilisk (4)]
 14332 | D:10     | Slain by an elephant

Illustrated notes

Levels and vault maps discovered:
D:1:      amcnicky_arrival_feature_with_door, layout_basic, chequers_mini_garden
D:2:      cheibrodos_helix_gallery, layout_basic, basic_altar, uniq_sigmund,
          uniq_crazy_yiuf_cottage
D:3:      kennysheep_goblin_castle, layout_loops_ring,
          hellmonk_ecumenical_altar_arch_garden, uniq_robin
D:4:      kennysheep_six_static_rooms, layout_loops_ring,
          nicolae_yredelemnul_corpse_copse
D:5:      layout_loops_ring, nicolae_gozag_seed_capital, portal_sewer_entry_f,
          kennysheep_opposing_triangles
D:6:      layout_loops_corners, nicolae_overflow_hidden_temple, serial_shops,
          shop
D:7:      gammafunk_the_bubble [the_bubble_gammafunk_grid],
          layout_loops_corners, minmay_temple_entry_waves, sword_in_stone
D:8:      layout_gridville, serial_rivers, chequers_serial_rivers_room_b,
          chequers_serial_rivers_micro_d, chequers_serial_rivers_micro_c,
          chequers_serial_rivers_large_b
D:9:      layout_roguey, orc_0_dummy
D:10:     layout_rooms, lemuel_doored_altar, uniq_grum
D:11:     layout_roguey, david_lair_generic, serial_shops, nicolae_shop_crystal,
          portal_ice_cave_demonic_guard, uniq_nergalle, uniq_sonja, uniq_snorg,
          uniq_harold
Temple:   regret_index_temple_waves

Skill      XL: |  1  2  3  4  5  6  7  8  9 10 |
---------------+-------------------------------+-----
Spellcasting   | 4 5 6 7 10 | 10.0
Conjurations   | 5 6 7 9 10 | 10.0
Fighting       | 1 4 |  4.6
Hexes          | 1 4 |  4.6
Translocations | 1 4 |  4.1
Fire Magic     | 1 4 |  4.2
Dodging        | |  1.7
Stealth        | |  1.7

Action                     |  1- 3 |  4- 6 |  7- 9 | 10-12 || total
---------------------------+-------+-------+-------+-------++-------
  Melee: Club              |    24 |       |       |       ||    24
         Dagger            |    50 |     7 |    29 |    45 ||   131
         Touch             |       |     2 |     2 |       ||     4
   Cast: Magic Dart        |    55 |    34 |     1 |       ||    90
         Searing Ray       |     2 |     7 |    22 |    16 ||    47
         Foxfire           |       |    88 |   230 |   104 ||   422
         Fulminant Prism   |       |       |    10 |     3 ||    13
         Iskenderun's Myst |       |       |       |    21 ||    21
    Use: Scroll            |       |       |       |    14 ||    14
   Stab: Paralysed         |       |     4 |    14 |    10 ||    28
         Sleeping          |       |       |     1 |       ||     1
 Armour: Robe              |    46 |    11 |    31 |   127 ||   215
  Dodge: Dodged            |    68 |    13 |    37 |    56 ||   174
         Form:             |       |       |       |     1 ||     1
         Anaconda          |       |       |       |     1 ||     1

Table legend: (Time is in decaauts)
 A = Elapsed time spent in this place.
 B = Non-inter-level travel time spent in this place.
 C = Inter-level travel time spent in this place.
 D = Time resting spent in this place.
 E = Time spent auto-exploring this place.
 F = Levels seen in this place.
 G = Mean time per level.
                   A        B        C        D        E       F      G
               +--------+--------+--------+--------+--------+-----+--------+
         Total |  14419 |  13265 |   1154 |     53 |  11418 |  13 | 1109.2 |
       Dungeon |  14018 |  12926 |   1092 |     53 |  11129 |  11 | 1274.4 |
        Temple |     98 |     36 |     62 |      0 |     34 |   1 |   98.0 |
         Sewer |    302 |    302 |      0 |      0 |    254 |   1 |  302.0 |
               +--------+--------+--------+--------+--------+-----+--------+

Top non-repeatable levels by time:
     D:7: 1629 daAuts
     D:4: 1559 daAuts
     D:3: 1482 daAuts
     D:8: 1460 daAuts
     D:5: 1437 daAuts
    D:10: 1372 daAuts
     D:1: 1354 daAuts
     D:6: 1253 daAuts
     D:9: 1208 daAuts
     D:2: 1182 daAuts
   Sewer: 302 daAuts
  Temple: 98 daAuts
    D:11: 76 daAuts

Levels and vault maps discovered:
D:1:      amcnicky_arrival_feature_with_door, layout_basic, chequers_mini_garden
D:2:      cheibrodos_helix_gallery, layout_basic, basic_altar, uniq_sigmund,
          uniq_crazy_yiuf_cottage
D:3:      kennysheep_goblin_castle, layout_loops_ring,
          hellmonk_ecumenical_altar_arch_garden, uniq_robin
D:4:      kennysheep_six_static_rooms, layout_loops_ring,
          nicolae_yredelemnul_corpse_copse
D:5:      layout_loops_ring, nicolae_gozag_seed_capital, portal_sewer_entry_f,
          kennysheep_opposing_triangles
D:6:      layout_loops_corners, nicolae_overflow_hidden_temple, serial_shops,
          shop
D:7:      gammafunk_the_bubble [the_bubble_gammafunk_grid],
          layout_loops_corners, minmay_temple_entry_waves, sword_in_stone
D:8:      layout_gridville, serial_rivers, chequers_serial_rivers_room_b,
          chequers_serial_rivers_micro_d, chequers_serial_rivers_micro_c,
          chequers_serial_rivers_large_b
D:9:      layout_roguey, orc_0_dummy
D:10:     layout_rooms, lemuel_doored_altar, uniq_grum
D:11:     layout_roguey, david_lair_generic, serial_shops, nicolae_shop_crystal,
          portal_ice_cave_demonic_guard, uniq_nergalle, uniq_sonja, uniq_snorg,
          uniq_harold
Temple:   regret_index_temple_waves

Table legend: (Time is in decaauts)
 A = Elapsed time spent in this place.
 B = Non-inter-level travel time spent in this place.
 C = Inter-level travel time spent in this place.
 D = Time resting spent in this place.
 E = Time spent auto-exploring this place.
 F = Levels seen in this place.
 G = Mean time per level.
                   A        B        C        D        E       F      G
               +--------+--------+--------+--------+--------+-----+--------+
         Total |  14419 |  13265 |   1154 |     53 |  11418 |  13 | 1109.2 |
       Dungeon |  14018 |  12926 |   1092 |     53 |  11129 |  11 | 1274.4 |
        Temple |     98 |     36 |     62 |      0 |     34 |   1 |   98.0 |
         Sewer |    302 |    302 |      0 |      0 |    254 |   1 |  302.0 |
               +--------+--------+--------+--------+--------+-----+--------+

Top non-repeatable levels by time:
     D:7: 1629 daAuts
     D:4: 1559 daAuts
     D:3: 1482 daAuts
     D:8: 1460 daAuts
     D:5: 1437 daAuts
    D:10: 1372 daAuts
     D:1: 1354 daAuts
     D:6: 1253 daAuts
     D:9: 1208 daAuts
     D:2: 1182 daAuts
   Sewer: 302 daAuts
  Temple: 98 daAuts
    D:11: 76 daAuts

Table legend:
 A = Kills in this place as a percentage of kills in the entire game.
 B = Kills by you in this place as a percentage of kills by you in the entire game.
 C = Kills by friends in this place as a percentage of kills by friends in the entire game.
 D = Other kills in this place as a percentage of other kills in the entire game.
 E = Experience gained in this place as a percentage of experience gained in the entire game.
 F = Experience gained in this place divided by the number of levels of this place that you have seen.
                   A       B       C       D       E      F
               +-------+-------+-------+-------+-------+----------------------
         Total | 100.0 | 100.0 |   N/A |   N/A | 100.0 | 824.8
       Dungeon |  97.8 |  97.8 |   N/A |   N/A |  98.6 | 960.6
         Sewer |   2.2 |   2.2 |   N/A |   N/A |   1.4 | 155.0
               +-------+-------+-------+-------+-------+----------------------
